 Dungeon Crawl Stone Soup version 0.30-a0-883-g5ad918d77d (webtiles) character file.

Game seed: 17962683551682232542

7 CrazyBamboolord the Insei (level 2, 0/21 HPs)
             Began as a Merfolk Transmuter on Mar 16, 2023.
             Slain by a jackal (2 damage)
             ... on level 1 of the Dungeon.
             The game lasted 00:01:44 (313 turns).

CrazyBamboolord the Insei (Merfolk Transmuter)       Turns: 313, Time: 00:01:45

Health: 0/21       AC:  2    Str: 10    XL:     2   Next: 4%
Magic:  4/5        EV: 12    Int: 12    God:
Gold:   19         SH:  0    Dex: 14    Spells: 4/5 levels left

rFire   . . .      SeeInvis .      - Unarmed
rCold   . . .      Faith    .    (no shield)
rNeg    . . .      Spirit   .    a - +0 robe
rPois   .          Reflect  .    (helmet currently unavailable)
rElec   .          Rampage  .    (no cloak)
rCorr   .                        (no gloves)
Will    .....                    (boots currently unavailable)
Stlth   +                        (no amulet)
HPRegen 0.23/turn                (no ring)
MPRegen 0.09/turn                (no ring)

@: appendages
A: horns 2, (nimble swimmer 2), mertail
a: End Transformation


You were on level 1 of the Dungeon.
You had temporarily grown beastly horns.
You visited 1 branch of the dungeon, and saw 1 of its levels.

You collected 19 gold pieces.

Inventory:

Armour
 a - a +0 robe (worn)
Potions
 b - a potion of lignification


   Skills:
 * Level 1.2 Fighting
 * Level 2.8 Dodging
 * Level 3.5 Unarmed Combat
 * Level 2.1 Spellcasting
 * Level 2.8 Transmutations


You had 4 spell levels left.
You knew the following spells:

 Your Spells              Type           Power      Damage    Failure   Level
a - Beastly Appendage     Tmut           16%        N/A       9%          1

Your spell library contained the following spells:

 Spells                   Type           Power      Damage    Failure   Level
 Wereblood                Tmut           8%         N/A       13%         2
 Spider Form              Tmut/Pois      4%         N/A       41%         3
 Ice Form                 Ice/Tmut       4%         N/A       83%         4


Dungeon Overview and Level Annotations

Branches:
Dungeon (1/15)

Altars:


Innate Abilities, Weirdness & Mutations

You have temporarily grown beastly horns.
((You are very nimble when in or above water. (Stealth+, EV+, Speed+++)))
Your lower body shifts to a powerful aquatic tail in water.


Message History

The kobold hits you with a +0 whip.
You hit the kobold but do no damage. The kobold closely misses you.
You hit the kobold.
You kill the kobold!
No target in view!
No target in view!
Your transformation is almost over.
Your horns disappear.
You open the door.
There is an open door here.
A goblin comes into view. It is wielding a +0 dagger.
The goblin shouts!
A jackal comes into view.
There are monsters nearby!
Casting: Beastly Appendage (safe; 9% risk of failure)
Press: ? - help, Q - select action Dir - look around, f - activate You grow a pair of large bovine horns.
The jackal barks!
A jackal comes into view. x2
A jackal comes into view.
The jackal barks! x2
You closely miss the jackal. The jackal bites you.
An endoplasm comes into view.
The goblin hits you with a +0 dagger.
You hit the jackal.
The jackal is almost dead.
A giant cockroach comes into view.
The jackal bites you. The jackal barely misses you.
The goblin hits you with a +0 dagger.
You closely miss the jackal.
The jackal is almost dead.
The jackal bites you. x2; The goblin hits you with a +0 dagger.
The goblin attacks as you move away! The goblin hits you with a +0 dagger.
* * * LOW HITPOINT WARNING * * *
The jackal barely misses you. The jackal bites you.
* * * LOW HITPOINT WARNING * * *
The jackal attacks as you move away! The jackal bites you.
* * * LOW HITPOINT WARNING * * *
The jackal attacks as you move away! The jackal bites you.
You die...

..####.####
..........######+#####
..####.#####......... ..#
#.#####......... ..#
#............... ..#
#.#####.........
..####.######'##.####
...........##.##.# .
...##+++##.##...@#####....
.#.#.....#.##...hhh.......
...#.....#.......g.hJB....
...#..<..#..#.#...###.....
...#.....#..#.#...# ....
...##'''##......... ...
..#.........#.#...#. ..
........#.....)...#.# .
..#####.##......... .


You could see an endoplasm, 4 jackals, a giant cockroach and a goblin.

Vanquished Creatures
  A ball python (D:1)
  A bat (D:1)
  An endoplasm (D:1)
  A quokka (D:1)
  3 kobolds (D:1)
7 creatures vanquished.

Notes
Turn   | Place    | Note
-------+----------+-------------------------------------------
     0 | D:1      | CrazyBamboolord the Merfolk Transmuter began the quest for
                  | the Orb.
     0 | D:1      | Reached XP level 1. HP: 15/15 MP: 3/3
   211 | D:1      | Reached XP level 2. HP: 21/21 MP: 3/5
   313 | D:1      | Slain by a jackal

Illustrated notes

Levels and vault maps discovered:
D:1:      dpeg_arrival_windows_large_door, layout_basic

Action                     || total
---------------------------++-------
  Melee: Unarmed           ||    20
         Headbutt          ||     2
         Punch             ||     1
   Cast: Beastly Appendage ||    10
 Armour: Robe              ||     2
  Dodge: Dodged            ||    10

Table legend: (Time is in decaauts)
 A = Elapsed time spent in this place.
 B = Non-inter-level travel time spent in this place.
 C = Inter-level travel time spent in this place.
 D = Time resting spent in this place.
 E = Time spent auto-exploring this place.
 F = Levels seen in this place.
 G = Mean time per level.
                   A        B        C        D        E       F      G
               +--------+--------+--------+--------+--------+-----+--------+
         Total |    312 |    296 |     16 |      0 |    237 |   1 |  312.0 |
       Dungeon |    312 |    296 |     16 |      0 |    237 |   1 |  312.0 |
               +--------+--------+--------+--------+--------+-----+--------+

Top non-repeatable levels by time:
     D:1: 312 daAuts
